 Dungeon Crawl Stone Soup version 0.30.0-29-ga12c61a403 (webtiles) character file.

Game seed: 3206127243068371513

100 Ijustatesigmund the Stinger (level 4, 0/28 HPs)
             Began as an Octopode Venom Mage on June 16, 2023.
             Slain by an adder (1 damage)
             ... on level 3 of the Dungeon.
             The game lasted 00:03:50 (2012 turns).

Ijustatesigmund the Stinger (Octopode Venom Mage)   Turns: 2012, Time: 00:03:50

Health: 0/28       AC:  1    Str:  7    XL:     4   Next: 73%
Magic:  5/8        EV: 13    Int: 19    God:
Gold:   48         SH:  0    Dex: 12    Spells: 2/8 levels left

rFire   . . .        c - +0 spear
rCold   . . .        (no shield)
rNeg    . . .        (helmet restricted)
rPois   .            (no amulet)
rElec   .            (no ring)
rCorr   .            (no ring)
SInv    .            (no ring)
Will    .....        (no ring)
Stlth   ++           (no ring)
HPRegen 0.24/turn    (no ring)
MPRegen 0.11/turn    (no ring)
                     (no ring)

%: no passive effects
@: confused, mighty, lethally poisoned (0 -> -2)
A: almost no armour, amphibious, 8 rings, camouflage 1, gelatinous body 1,
(nimble swimmer 1), tentacles
a: no special abilities


You were on level 3 of the Dungeon.
You visited 1 branch of the dungeon, and saw 3 of its levels.

You collected 48 gold pieces.

Inventory:

Hand Weapons
 c - a +0 spear (weapon)
Wands
 h - a wand of polymorph (6)
Scrolls
 e - a scroll of enchant weapon {unknown}
 i - a scroll of vulnerability {unknown}
Potions
 a - 3 potions of magic
 d - 4 potions of flight
 f - a potion of might
 j - a potion of attraction


   Skills:
 - Level 1.2 Fighting
 - Level 2.0 Dodging
 - Level 2.6 Stealth
 + Level 2.8 Spellcasting
 + Level 1.2 Conjurations
 - Level 1.0 Transmutations
 + Level 1.6 Air Magic
 + Level 4.5 Poison Magic


You had 2 spell levels left.
You knew the following spells:

 Your Spells              Type           Power      Damage    Failure   Level
a - Sting                 Tmut/Pois      52%        1d5       4%          1
b - Poisonous Vapours     Pois/Air       28%        N/A       7%          2
c - Mephitic Cloud        Conj/Pois/Air  12%        N/A       17%         3

Your spell library contained the following spells:

 Spells                   Type           Power      Damage    Failure   Level
 Beastly Appendage        Tmut           12%        N/A       11%         1
 Wereblood                Tmut           6%         N/A       16%         2
 Olgreb's Toxic Radiance  Pois           19%        N/A       24%         4
 Inner Flame              Hex/Fire       2%         N/A       43%         3
 Yara's Violent Unravell  Hex/Tmut       2%         3d3       98%         5
 Enfeeble                 Hex            1%         N/A       100%        7


Dungeon Overview and Level Annotations

Branches:
Dungeon (3/15)

Altars:

Shops:
D:1 (

Annotations:
D:3 Sigmund


Innate Abilities, Weirdness & Mutations

You cannot wear most types of armour.
You are amphibious.
You can wear up to eight rings at the same time.
Your skin changes colour to match your surroundings (Stealth+).
Your rubbery body absorbs attacks. (AC +1, EV +1)
((You are camouflaged when in or above water. (Stealth+)))
You have tentacles for arms and can constrict up to eight enemies at once.


Message History

Deactivating autopickup; reactivate with Ctrl-A.
Really quaff the potion of attraction?
Okay, then.
Something barely misses you.
You miss something.
You hear some strange, mumbled words.
Something tries to affect you, but you resist.
You closely miss something. Something hits you.
You hit something. You puncture something!
You hear some strange, mumbled words.
Something tries to affect you, but you resist.
You barely miss something.
You hear some strange, mumbled words.
You are confused.
An adder comes into view.
You miss something. Something hits you.
* * * LOW HITPOINT WARNING * * *
You barely miss something.
The adder hisses angrily.
Your squeeze misses something.
You hear some strange, mumbled words.
You are more confused.
A gnoll comes into view. It is wielding a +0 halberd.
You miss something.
You hear some strange, mumbled words.
Something tries to affect you, but you resist.
Something barely misses you. x2
Okay, then.
You are too confused!
Unknown command.
The adder bites you.
* * * LOW HITPOINT WARNING * * *
You are lethally poisoned!
The adder poisons you!
* * * LOW HITPOINT WARNING * * *
You feel sick.
* * * LOW HITPOINT WARNING * * *
You feel sick. The adder barely misses you. The adder bites you.
You die...

#. ..# #.### #.#
.....##.#######
[.............###..
...................
..............##.##
.........<.........
........S........[#
.#.....@......##...
#.#......g...#
#..........#
#...#.....#.##
###....####.#
......# $. #.....##
... ...... ..#.
...... ..#..


You could see a gnoll and an adder.

Vanquished Creatures
  Terence (D:2)
  4 adders (D:2)
  2 dart slugs
  2 ball pythons (D:2)
  3 endoplasms
  3 giant cockroaches
  4 goblins
  3 hobgoblins
  A quokka (D:2)
  6 bats
  2 frilled lizards (D:2)
  2 kobolds
  2 rats (D:2)
35 creatures vanquished.

Notes
Turn   | Place    | Note
-------+----------+-------------------------------------------
     0 | D:1      | Ijustatesigmund the Octopode Venom Mage began the quest for
                  | the Orb.
     0 | D:1      | Reached XP level 1. HP: 11/11 MP: 3/3
    47 | D:1      | Found Edghim's Antique Weapon Emporium.
   164 | D:1      | Reached XP level 2. HP: 18/18 MP: 5/5
   167 | D:1      | Learned a level 2 spell: Poisonous Vapours
   656 | D:2      | Reached skill level 1 in Fighting
   756 | D:2      | Reached skill level 4 in Poison Magic
   823 | D:2      | Got the Enchiridion on Forms
   831 | D:2      | Reached XP level 3. HP: 23/23 MP: 3/6
   835 | D:2      | Learned a level 3 spell: Mephitic Cloud
   907 | D:2      | Reached skill level 1 in Air Magic
  1218 | D:2      | Reached XP level 4. HP: 26/28 MP: 4/7
  1259 | D:2      | Noticed Terence
  1267 | D:2      | Killed Terence
  1268 | D:2      | Reached skill level 1 in Conjurations
  1798 | D:2      | Found a faded altar of an unknown god.
  1926 | D:3      | Noticed Sigmund
  2012 | D:3      | HP: 1/28 [poisoned by an adder]
  2012 | D:3      | Slain by an adder

Illustrated notes

Levels and vault maps discovered:
D:1:      lemuel_arrival_room, layout_basic, serial_shops, shop,
          chequers_serial_rivers_micro_b
D:2:      layout_basic, dilly_ecumenical_altar_fadedgnrine, serial_park_tiny_2,
          uniq_terence
D:3:      layout_rooms, nicolae_hepliaklqana_monster_ancestors,
          nicolae_wu_jian_wuxing_cycle, kennysheep_nondescript,
          uniq_crazy_yiuf_cottage, uniq_ijyb, uniq_natasha, uniq_sigmund

Skill      XL: |  1  2  3  4 |
---------------+-------------+-----
Fighting       | 1 |  1.2
Poison Magic   | 4 |  4.5
Air Magic      | 1 |  1.6
Conjurations   | 1 |  1.2
Dodging        | |  2.0
Stealth        | |  2.6
Spellcasting   | |  2.8
Transmutations | |  1.0

Action                     |  1- 3 |  4- 6 || total
---------------------------+-------+-------++-------
  Melee: Spear             |    59 |    27 ||    86
         Constrict         |    11 |     4 ||    15
         Tentacles         |     9 |     3 ||    12
         Unarmed           |       |     2 ||     2
   Cast: Sting             |     5 |       ||     5
         Poisonous Vapours |    11 |    10 ||    21
    Use: Scroll            |       |     4 ||     4
         Potion            |       |     2 ||     2
   Stab: Sleeping          |     5 |     1 ||     6
 Armour: Skin              |     5 |     1 ||     6
  Dodge: Dodged            |    23 |    13 ||    36
